 Dungeon Crawl Stone Soup version 0.32-a0-913-g739538afd8 (webtiles) character file.

Game seed: 8070863620324988492

764 Rennog the Thaumaturge (level 7, -2/36 HPs)
             Began as a Deep Elf Fire Elementalist on Apr 8, 2024.
             Succumbed to a kobold brigand's curare-tipped dart
             ... in a sewer.
             The game lasted 00:07:20 (5016 turns).

Rennog the Thaumaturge (Deep Elf Fire Elementalist) Turns: 5016, Time: 00:07:20

Health: -2/36      AC:  4    Str:  7    XL:     7   Next: 51%
Magic:  10/21      EV: 11    Int: 20    God:
Gold:   54         SH:  0    Dex: 13    Spells: 20/23 levels left

rFire   + . .        (no weapon)
rCold   . . .        (no shield)
rNeg    . . .        l - +2 robe of Woecvuni {rElec rF+ Dex-2 Archmagi}
rPois   .            (no helmet)
rElec   +            (no cloak)
rCorr   .            (no gloves)
SInv    .            (no boots)
Will    .....        (no amulet)
Stlth   ++           (no ring)
HPRegen 0.26/turn    (no ring)
MPRegen 0.17/turn

%: archmagi
@: lethally poisoned (-2 -> -22), slowed, very slow
A: no striking features
a: no special abilities


You were in a sewer.
You visited 1 branch of the dungeon, and saw 4 of its levels.
You also visited: Sewer.

You collected 217 gold pieces.
You spent 163 gold pieces at shops.

Inventory:

Hand Weapons
 g - a +2 hand axe of distortion
Armour
 a - a +0 robe
 l - the +2 robe of Woecvuni (worn) {rElec rF+ Dex-2 Archmagi}
   (You found it on level 4 of the Dungeon)

   Dex-2:     It affects your dexterity (-2).
   rF+:       It protects you from fire.
   rElec:     It insulates you from electricity.
   Archmagi:  It increases the power of your magical spells.
Scrolls
 e - 2 scrolls of blinking
 f - 5 scrolls of identify
 k - a scroll of poison {unknown}
 m - a scroll of vulnerability {unknown}
 n - a scroll of amnesia {unknown}
Potions
 b - 3 potions of magic
 c - 4 potions of curing
 d - a potion of attraction {unknown}
 h - 3 potions of degeneration {unknown}
 i - a potion of mutation {unknown}
 j - a potion of heal wounds {unknown}


   Skills:
 - Level 2.5 Dodging
 - Level 2.4 Stealth
 + Level 8.7 Spellcasting
 - Level 1.3 Conjurations
 + Level 6.8 Fire Magic


You had 20 spell levels left.
You knew the following spells:

 Your Spells              Type           Power      Damage    Failure   Level
a - Foxfire               Conj/Fire      100%       2x1d9     1%          1
b - Scorch                Fire           100%       2d9       1%          2

Your spell library contained the following spells:

 Spells                   Type           Power      Damage    Failure   Level
 Inner Flame              Hex/Fire       33%        N/A       6%          3
 Volatile Blastmotes      Fire/Tloc      66%        2d15      6%          3
 Flame Wave               Conj/Fire      37%        2d10      14%         4
 Call Canine Familiar     Summ           13%        N/A       24%         3
 Sigil of Binding         Hex            13%        N/A       24%         3
 Dimensional Bullseye     Hex/Tloc       6%         N/A       61%         4


Dungeon Overview and Level Annotations

Branches:
Dungeon (4/15)              Sewer (1/1)
 Temple: D:4-7

Altars:

Shops:
D:3 ?!(


Message History

Unknown command.
Casting: Foxfire (safe; 1% risk of failure)
Confirm with . or Enter, or press ? or * to list all spells.
You feel a surge of power!
You conjure some foxfire!
You feel sick.
The foxfire hits the kobold brigand but does no damage.
The foxfire hits the kobold brigand.
The kobold brigand resists.
The kobold brigand is lightly wounded.
Unknown command.
Casting: Foxfire (safe; 1% risk of failure)
Confirm with . or Enter, or press ? or * to list all spells.
You feel a surge of power!
You conjure some foxfire!
You feel sick.
The foxfire hits the kobold brigand.
The kobold brigand resists.
The kobold brigand is lightly wounded.
The foxfire hits the kobold brigand but does no damage.
The kobold brigand is lightly wounded.
The kobold brigand throws a curare-tipped dart.
The curare-tipped dart hits you.
You are more poisoned.
You have difficulty breathing.
You feel as though you will be slow longer.
Casting: Foxfire (safe; 1% risk of failure)
Confirm with . or Enter, or press ? or * to list all spells.
You feel a surge of power!
Flames lash the kobold brigand but do no damage.
You feel very sick.
The foxfire hits the kobold brigand but does no damage.
The kobold brigand is lightly wounded.
The foxfire hits the kobold brigand but does no damage.
The kobold brigand is lightly wounded.
The kobold brigand throws a curare-tipped dart.
The curare-tipped dart hits you.
You are lethally poisoned!
You have difficulty breathing.
* * * LOW HITPOINT WARNING * * *
You feel as though you will be slow longer.
Casting: Scorch (safe; 1% risk of failure)
Confirm with . or Enter, or press ? or * to list all spells.
You feel a surge of power!
Flames lash the kobold brigand.
The kobold brigand completely resists.
You die...

#≈...~ ≈~.#.~≈≈≈≈≈≈≈
##'''###≈~.#..~~~≈≈≈≈
##.....##≈~.#...~.~≈≈~
#...§..###.####.#~###~
+.§..)..#...#≈≈).)....
+..._.§))...~≈≈≈......
+.§.....#...#≈≈.......
#...§..###.####.###~##
##..§@.##≈~.#...~≈≈≈≈≈
##'§§###≈~.#..~≈~≈≈≈≈
#~..K~ #~~.#.~≈~≈≈≈≈≈
#~...≈##~~.#.~≈≈≈≈≈≈≈
#~...~##≈~.#..≈≈≈≈≈≈≈
#~..)~##~~)'.~≈≈≈≈≈≈≈
#~...≈###############
#≈...~#


You could see a kobold brigand.

Vanquished Creatures
  A black bear (D:4)
  A kobold brigand (Sewer)
  5 orc priests (D:3)
  Terence (D:2)
  2 iguanas (D:4)
  An orc wizard (D:3)
  Natasha (thrice) (D:2)
  4 adders (D:3)
  4 gnolls (D:3)
  5 shadow imps (Sewer)
  An ufetubus (Sewer)
  An adder zombie (Sewer)
  7 dart slugs
  3 ribbon worms (D:2)
  10 orcs (D:3)
  6 ball pythons
  7 bats
  13 endoplasms
  5 giant cockroaches
  17 goblins
  11 hobgoblins
  3 jackals (D:1)
  4 quokkas
  3 frilled lizards
  A giant cockroach zombie (Sewer)
  15 kobolds
  9 rats
143 creatures vanquished.

Vanquished Creatures (collateral kills)
  2 foxfires
2 creatures vanquished.

Vanquished Creatures (others)
  An endoplasm (Sewer)
  359 foxfires
360 creatures vanquished.

Grand Total: 505 creatures vanquished

Notes
Turn   | Place    | Note
-------+----------+-------------------------------------------
     0 | D:1      | Rennog the Deep Elf Fire Elementalist began the quest for
                  | the Orb.
     0 | D:1      | Reached XP level 1. HP: 10/10 MP: 6/6
   176 | D:1      | Reached XP level 2. HP: 15/15 MP: 4/8
   179 | D:1      | Learned a level 2 spell: Scorch
   675 | D:1      | Reached skill level 4 in Spellcasting
   694 | D:1      | Reached XP level 3. HP: 14/19 MP: 0/10
  1313 | D:2      | Noticed Natasha
  1318 | D:2      | Killed Natasha
  1319 | D:2      | Reached skill level 5 in Spellcasting
  1506 | D:2      | Reached XP level 4. HP: 24/24 MP: 10/13
  1522 | D:2      | Noticed Natasha
  1530 | D:2      | Killed Natasha
  2172 | D:2      | Noticed Terence
  2183 | D:2      | Killed Terence
  2184 | D:2      | Reached skill level 6 in Spellcasting
  2184 | D:2      | Reached XP level 5. HP: 16/28 MP: 0/15
  2381 | D:2      | Noticed Natasha
  2383 | D:2      | Killed Natasha
  3026 | D:3      | Found Ecusiofy's Weapon Boutique.
  3036 | D:3      | Reached skill level 5 in Fire Magic
  3078 | D:3      | Reached skill level 7 in Spellcasting
  3078 | D:3      | Reached XP level 6. HP: 23/32 MP: 2/18
  3891 | D:3      | Found Esiez's Distillery.
  3895 | D:3      | Bought a potion of curing for 30 gold pieces
  4013 | D:3      | Found Noiwk's Magic Scroll Shop.
  4018 | D:3      | Bought a scroll of blinking for 105 gold pieces
  4018 | D:3      | Bought a scroll of identify for 28 gold pieces
  4418 | D:4      | Identified the +2 robe of Woecvuni {rElec rF+ Dex-2
                  | Archmagi}
  4462 | D:4      | Reached skill level 8 in Spellcasting
  4462 | D:4      | Reached XP level 7. HP: 36/36 MP: 12/20
  4584 | D:4      | Found a glowing drain.
  4588 | Sewer    | Entered a sewer
  4897 | Sewer    | Found a burning altar of Makhleb.
  5008 | Sewer    | Identified the +5 ring mail "Ahas" {Rampage *Slow rF+
                  | Dex+5}
  5016 | Sewer    | Succumbed to a kobold brigand's curare-tipped dart

Illustrated notes

Levels and vault maps discovered:
D:1:      erik_arrival_cave_to_civilisation [erik_arrival_cave_to_hall],
          layout_basic, minmay_misc_feat_enclosed
D:2:      cheibrodos_greedy_goblins, layout_basic, serial_bayou_lagoon_a,
          uniq_terence, uniq_natasha
D:3:      kennysheep_big_flooded_room, layout_basic, serial_shops,
          nicolae_shop_crystal, nicolae_shop_real_fake_doors, shop
D:4:      layout_basic, gup_sewer_entry_bowl, minmay_stone_trees_medium
Sewer:    kennysheep_sewer_church

Skill      XL: |  1  2  3  4  5  6 |
---------------+-------------------+-----
Spellcasting   | 4 5 6 7 8 |  8.7
Fire Magic     | 4 5 6 |  6.8
Dodging        | |  2.5
Stealth        | |  2.4
Conjurations   | |  1.3

Action                     |  1- 3 |  4- 6 |  7- 9 || total
---------------------------+-------+-------+-------++-------
  Melee: Unarmed           |       |     1 |       ||     1
   Cast: Foxfire           |    46 |   110 |    50 ||   206
         Scorch            |    19 |    61 |    16 ||    96
 Armour: Robe              |    14 |    15 |     2 ||    31
  Dodge: Dodged            |    13 |     8 |     1 ||    22

Table legend: (Time is in decaauts)
 A = Elapsed time spent in this place.
 B = Non-inter-level travel time spent in this place.
 C = Inter-level travel time spent in this place.
 D = Time resting spent in this place.
 E = Time spent auto-exploring this place.
 F = Levels seen in this place.
 G = Mean time per level.
                   A        B        C        D        E       F      G
               +--------+--------+--------+--------+--------+-----+--------+
         Total |   5038 |   4737 |    301 |      0 |   4109 |   5 | 1007.6 |
       Dungeon |   4606 |   4305 |    301 |      0 |   3762 |   4 | 1151.5 |
         Sewer |    431 |    431 |      0 |      0 |    346 |   1 |  431.0 |
               +--------+--------+--------+--------+--------+-----+--------+

Top non-repeatable levels by time:
     D:2: 1664 daAuts
     D:3: 1476 daAuts
     D:1: 1233 daAuts
   Sewer: 431 daAuts
     D:4: 232 daAuts
